 Dungeon Crawl Stone Soup version 0.27-a0-1548-gf8a67e7463 (webtiles) character file.

Game seed: 16238581379610150583

59 Lemonice the Covert (level 4, -1/41 HPs)
             Began as a Gnoll Delver on July 14, 2021.
             Slain by a bullfrog zombie (3 damage)
             ... on level 5 of the Dungeon.
             The game lasted 00:00:23 (27 turns).

Lemonice the Covert (Gnoll Delver)                    Turns: 27, Time: 00:00:24

Health: -1/41      AC:  3    Str: 12    XL:     4   Next: 3%
Magic:  2/5        EV: 13    Int: 10    God:
Gold:   0          SH:  0    Dex: 13    Spells: 5/5 levels left

rFire    . . .     SeeInvis .   a - +0 falchion
rCold    . . .     Faith    .   (no shield)
rNeg     . . .     Spirit   .   b - +0 leather armour
rPois    .         Reflect  .   (no helmet)
rElec    .         Harm     .   (no cloak)
rCorr    .         Rampage  .   (no gloves)
Will     .....                  (no boots)
Stlth    ++++......             (no amulet)
HPRegen  0.13/turn              (no ring)
MPRegen  0.09/turn              (no ring)

@: no status effects
A: fangs 1, strong nose, distributed training
a: no special abilities


You were on level 5 of the Dungeon.
You visited 1 branch of the dungeon, and saw 1 of its levels.

Inventory:

Hand Weapons
 a - a +0 falchion (weapon)
Armour
 b - a +0 leather armour (worn)
Wands
 g - a wand of digging (3)
Scrolls
 c - a scroll of fog
 d - a scroll of magic mapping
 e - a scroll of fear
Potions
 f - a potion of haste


   Skills:
 + Level 6.5 Fighting
 + Level 1.0 Short Blades
 + Level 4.6 Long Blades
 + Level 1.0 Axes
 + Level 1.0 Maces & Flails
 + Level 1.0 Polearms
 + Level 1.0 Staves
 + Level 1.0 Slings
 + Level 1.0 Bows
 + Level 1.0 Crossbows
 + Level 1.0 Throwing
 + Level 1.0 Armour
 + Level 4.6 Dodging
 + Level 9.5 Stealth
 + Level 1.0 Shields
 + Level 1.0 Unarmed Combat
 + Level 1.0 Spellcasting
 + Level 0.7 Conjurations
 + Level 0.7 Hexes
 + Level 0.7 Summonings
 + Level 0.7 Necromancy
 + Level 0.7 Translocations
 + Level 0.7 Transmutations
 + Level 0.7 Fire Magic
 + Level 0.7 Ice Magic
 + Level 0.7 Air Magic
 + Level 0.7 Earth Magic
 + Level 0.7 Poison Magic
 + Level 1.1 Invocations
 + Level 1.0 Evocations


You had 5 spell levels left.
You didn't know any spells.
Your spell library was empty.

Dungeon Overview and Level Annotations

Branches:
Dungeon (5/15)
 Temple: D:4-7

Altars:


Innate Abilities, Weirdness & Mutations

You have very sharp teeth.
Your uncanny sense of smell can sniff out nearby items.
Your experience applies equally to all skills.


Message History

The centaur skeleton is almost destroyed.
The centaur skeleton closely misses you.
You riposte.
You hit the centaur skeleton.
You destroy the centaur skeleton!
The bullfrog zombie hits you.
* * * LOW HITPOINT WARNING * * *
Your Short Blades skill increases to level 1!
Your Axes skill increases to level 1!
Your Maces & Flails skill increases to level 1!
Your Polearms skill increases to level 1!
Your Staves skill increases to level 1!
Your Slings skill increases to level 1!
Your Bows skill increases to level 1!
Your Crossbows skill increases to level 1!
Your Throwing skill increases to level 1!
Your Armour skill increases to level 1!
Your Shields skill increases to level 1!
Your Unarmed Combat skill increases to level 1!
Your Spellcasting skill increases to level 1!
Your Invocations skill increases to level 1!
Your Evocations skill increases to level 1!
You have reached level 4!
You feel clever.
Unknown command.
You hit the bullfrog zombie.
The bullfrog zombie is lightly damaged.
The bullfrog zombie hits you.
* * * LOW HITPOINT WARNING * * *
You hit the bullfrog zombie.
The bullfrog zombie is lightly damaged.
The bullfrog zombie closely misses you. The bullfrog zombie misses you.
You hit the bullfrog zombie.
The bullfrog zombie is lightly damaged.
The bullfrog zombie hits you but does no damage.
You barely miss the bullfrog zombie.
The bullfrog zombie is lightly damaged.
The bullfrog zombie closely misses you. The bullfrog zombie hits you.
* * * LOW HITPOINT WARNING * * *
The bullfrog zombie hits you.
You die...

#########..####
##.............#
#..............##
#..............#
#..............# ##.
#............... #..##
#............... .....#
#..@....>.......
......###..Z............
∆.......##...........>..
.###......#.............
............#...........
........##..............
......†..####...........
..........# ####...#....
..........# ##....#


You could see a bullfrog zombie.

Vanquished Creatures
  A hound (D:5)
  A centaur skeleton (D:5)
2 creatures vanquished.

Notes
Turn   | Place    | Note
-------+----------+-------------------------------------------
     0 | D:5      | Reached skill level 9 in Stealth
     0 | D:5      | Lemonice the Gnoll Delver began the quest for the Orb.
     0 | D:5      | Reached XP level 1. HP: 23/23 MP: 1/1
     6 | D:5      | Noticed a hound
    13 | D:5      | Killed a hound
    14 | D:5      | Reached XP level 2. HP: 16/29 MP: 1/3
    14 | D:5      | Reached XP level 3. HP: 19/35 MP: 1/4
    20 | D:5      | Reached skill level 1 in Short Blades
    20 | D:5      | Reached skill level 1 in Axes
    20 | D:5      | Reached skill level 1 in Maces & Flails
    20 | D:5      | Reached skill level 1 in Polearms
    20 | D:5      | Reached skill level 1 in Staves
    20 | D:5      | Reached skill level 1 in Slings
    20 | D:5      | Reached skill level 1 in Bows
    20 | D:5      | Reached skill level 1 in Crossbows
    20 | D:5      | Reached skill level 1 in Throwing
    20 | D:5      | Reached skill level 1 in Armour
    20 | D:5      | Reached skill level 1 in Shields
    20 | D:5      | Reached skill level 1 in Unarmed Combat
    20 | D:5      | Reached skill level 1 in Spellcasting
    20 | D:5      | Reached skill level 1 in Invocations
    20 | D:5      | Reached skill level 1 in Evocations
    20 | D:5      | Reached XP level 4. HP: 9/41 MP: 1/5
    24 | D:5      | HP: 1/41 [bullfrog zombie (3)]
    27 | D:5      | Slain by a bullfrog zombie

Illustrated notes

Levels and vault maps discovered:
D:5:      layout_cave_pods, minmay_temple_entry_overgrown, serial_undead,
          serial_undead_e, serial_undead_c, serial_undead_c, serial_undead_a

Skill      XL: |  1  2  3 |
---------------+----------+-----
Stealth        | |  9.5
Short Blades   | 1 |  1.0
Axes           | 1 |  1.0
Maces & Flails | 1 |  1.0
Polearms       | 1 |  1.0
Staves         | 1 |  1.0
Slings         | 1 |  1.0
Bows           | 1 |  1.0
Crossbows      | 1 |  1.0
Throwing       | 1 |  1.0
Armour         | 1 |  1.0
Shields        | 1 |  1.0
Unarmed Combat | 1 |  1.0
Spellcasting   | 1 |  1.0
Invocations    | 1 |  1.1
Evocations     | 1 |  1.0
Fighting       | |  6.5
Long Blades    | |  4.6
Dodging        | |  4.6
Conjurations   | |  0.7
Hexes          | |  0.7
Summonings     | |  0.7
Necromancy     | |  0.7
Translocations | |  0.7
Transmutations | |  0.7
Fire Magic     | |  0.7
Ice Magic      | |  0.7
Air Magic      | |  0.7
Earth Magic    | |  0.7
Poison Magic   | |  0.7

Action                   |  1- 3 |  4- 6 || total
-------------------------+-------+-------++-------
Melee: Falchion          |     7 |     4 ||    11
       Bite              |     2 |       ||     2
Armor: Leather armour    |     3 |     1 ||     4
Dodge: Dodged            |    11 |     3 ||    14
       Rpst.: Falchion   |     6 |       ||     6

Table legend: (Time is in decaauts)
 A = Elapsed time spent in this place.
 B = Non-inter-level travel time spent in this place.
 C = Inter-level travel time spent in this place.
 D = Time resting spent in this place.
 E = Time spent auto-exploring this place.
 F = Levels seen in this place.
 G = Mean time per level.
                   A        B        C        D        E       F      G
               +--------+--------+--------+--------+--------+-----+--------+
         Total |     27 |     27 |      0 |      0 |      0 |   1 |   27.0 |
       Dungeon |     27 |     27 |      0 |      0 |      0 |   1 |   27.0 |
               +--------+--------+--------+--------+--------+-----+--------+

Top non-repeatable levels by time:
     D:5: 27 daAuts
